 Dungeon Crawl Stone Soup version 0.29.1-13-g9f3cf754e1 (webtiles) character file.

Game seed: 10498230913144909699

9 Chiseanne the Trooper (level 2, 20/25 HPs)
             Began as a Demonspawn Wanderer on Jan 30, 2023.
             Quit the game on level 1 of the Dungeon.
             The game lasted 00:00:32 (143 turns).

Chiseanne the Trooper (Demonspawn Wanderer)          Turns: 143, Time: 00:00:33

Health: 20/25      AC:  3    Str: 18    XL:     2   Next: 3%
Magic:  3/3        EV: 11    Int: 10    God:
Gold:   0          SH:  0    Dex:  9    Spells: 2/3 levels left

rFire   . . .      SeeInvis .   a - +3 hand axe
rCold   . . .      Faith    .   (no shield)
rNeg    . . .      Spirit   .   c - +0 leather armour
rPois   .          Reflect  .   (helmet restricted)
rElec   .          Harm     .   (no cloak)
rCorr   .          Rampage  .   (no gloves)
Will    .....                   (no boots)
Stlth   +.........              (no amulet)
HPRegen 0.08/turn               (no ring)
MPRegen 0.08/turn               (no ring)

@: no status effects
A: antennae 1
a: no special abilities


You were on level 1 of the Dungeon.
You visited 1 branch of the dungeon, and saw 1 of its levels.

Inventory:

Hand Weapons
 a - a +3 hand axe (weapon)
Armour
 c - a +0 leather armour (worn)
Potions
 b - a potion of curing


   Skills:
 * Level 4.1 Fighting
 - Level 1.7 Axes
 * Level 0.7 Armour
 * Level 0.6 Dodging
 - Level 1.0 Stealth
 - Level 1.0 Spellcasting
 - Level 2.1 Necromancy


You had 2 spell levels left.
You knew the following spells:

 Your Spells              Type           Power      Damage    Failure   Level
a - Necrotise             Necr           16%        1d4       17%         1

Your spell library contained the following spells:

 Spells                   Type           Power      Damage    Failure   Level
 Vampiric Draining        Necr           4%         2d6       45%         3


Dungeon Overview and Level Annotations

Branches:
Dungeon (1/15)

Altars:

Annotations:
D:1 2 transporters


Innate Abilities, Weirdness & Mutations

You have a pair of small antennae on your head.


Message History

No target in view!
No target in view!
No target in view!
No target in view!
No target in view!
No target in view!
No target in view!
Found a spear.
You see here a +0 whip.
You open the door.
There is an open door here. 2 endoplasms come into view.
The endoplasm quivers.
The endoplasm quivers.
You see here 14 gold pieces.
The endoplasm hits you but does no damage.
You hit the endoplasm.
The endoplasm is heavily wounded.
The endoplasm hits you.
You slash the endoplasm!
You kill the endoplasm!
You barely miss the endoplasm. The endoplasm freezes you.
You are frozen.
You slash the endoplasm!
You kill the endoplasm!
You have reached level 2!
Your demonic ancestry asserts itself...
A pair of antennae grows on your head!
Unknown command.
Unknown command.
Unknown command.
Unknown command.
Unknown command.
Are you sure you want to abandon this character and quit the game? (Confirm with "yes".)
Okay, then.
Unknown command.
Unknown command.
Unknown command.
Are you sure you want to abandon this character and quit the game? (Confirm with "yes".)

#.# #.# ### #.# ... #.#
# #.# #.##########.#
#..####.##.........#.#
####.......#...$@.......
........)..'............
#.......#.)#.........###
#.#####.#..#.........#
#.#..#.........#
#.#..#.........#
#.#..###########
#######.#..#
........#..#


There were no monsters in sight!

Vanquished Creatures
  A dart slug (D:1)
  2 endoplasms (D:1)
  A giant cockroach (D:1)
  A kobold (D:1)
  A rat (D:1)
6 creatures vanquished.

Notes
Turn   | Place    | Note
-------+----------+-------------------------------------------
     0 | D:1      | Chiseanne the Demonspawn Wanderer began the quest for the
                  | Orb.
     0 | D:1      | Chiseanne set off with the following items: a +3 hand axe,
                  | a potion of curing, a +0 leather armour; and the following
                  | spell memorised: Necrotise; and the following spells
                  | available to memorise: Vampiric Draining.
     0 | D:1      | Reached XP level 1. HP: 19/19 MP: 2/2
   143 | D:1      | Gained mutation: You have a pair of small antennae on your
                  | head. [demonic ancestry]
   143 | D:1      | Reached XP level 2. HP: 20/25 MP: 3/3
   143 | D:1      | Chiseanne: FUCK YOU IDIOTS
   143 | D:1      | Quit the game

Illustrated notes

Levels and vault maps discovered:
D:1:      spicycebolla_arrival_transporter_tutorial, layout_basic,
          hellmonk_ecumenical_altar_dog_temple

Action                   || total
-------------------------++-------
Melee: Hand axe          ||    10
Armor: Leather armour    ||     2
Dodge: Dodged            ||     3
